AoeStats
← andrewisking

Fortress

509366195Analyzed
2v2 RM · 7d ago on Sep 26, 2026· 69m 53s· 4 players
Game mode
Random Map
Map size
Normal (6 player)
Population
200
Speed
Normal
Resources
Standard
Victory
Conquest
Starting age
Dark Age
Ending age
Imperial Age
RankedLock teamsTeams togetherTeam positionsShared explorationLock speedFull tech treeHidden civsTurbo modeCheats
Victory
Defeat
🇿🇦 Mongols · South Africa
1143
+12
🇿🇦 Khmer · South Africa
1032
+17
🇺🇸 Japanese · United States
1073
-15
🇺🇸 Hindustanis · United States
1048
-14
Unit001
6:35 Feudal Age
7:08 Double-Bit Axe
11:49 Castle Age
10:20 Horse Collar
12:54 Bow Saw
17:47 Gold Mining
20:41 Ballistics
20:31 Stone Mining
21:25 Gold Shaft Mining
21:09 Treadmill Crane
21:34 Fletching
21:44 Padded Archer Armor
22:12 Heavy Plow
23:05 Loom
23:56 Wheelbarrow
23:11 Town Watch
24:17 Stone Mining
27:30 Imperial Age
25:41 Bodkin Arrow
27:25 Hand Cart
26:38 Elite Skirmisher
27:46 Leather Archer Armor
28:32 Masonry
29:33 Two-Man Saw
28:37 Bracer
29:08 Ring Archer Armor
31:24 Hoardings
32:06 Kataparuto
32:45 Fortified Wall
33:34 Ring Archer Armor
34:57 Conscription
37:53 Chemistry
37:15 Forging
37:05 Scale Mail Armor
37:12 Pikeman
37:53 Squires
38:16 Halberdier
38:33 Elite Samurai
41:34 Parthian Tactics
42:24 Iron Casting
42:04 Chain Mail Armor
46:57 Heavy Cavalry Archer
48:19 Caravan
50:41 Blast Furnace
50:11 Plate Mail Armor
50:25 Town Patrol
52:07 Yasama
52:05 Guard Tower
59:34 Arrowslits
Devoured
6:58 Feudal Age
8:50 Double-Bit Axe
10:13 Loom
10:19 Town Watch
13:07 Castle Age
11:56 Horse Collar
13:56 Loom
14:30 Scale Barding Armor
14:50 Gold Mining
15:44 Wheelbarrow
15:52 Wheelbarrow
21:09 Scale Barding Armor
23:44 Gold Mining
26:27 Imperial Age
25:12 Fletching
25:33 Forging
25:30 Padded Archer Armor
26:24 Bow Saw
26:40 Masonry
26:22 Elite Skirmisher
27:36 Husbandry
27:40 Heavy Plow
28:45 Bloodlines
30:34 Gold Shaft Mining
30:27 Chain Barding Armor
31:03 Iron Casting
31:37 Conscription
31:15 Bodkin Arrow
31:51 Hand Cart
31:47 Heavy Camel Rider
33:04 Plate Barding Armor
32:44 Stone Mining
35:36 Blast Furnace
36:37 Ballistics
35:46 Imperial Camel Rider
36:28 Bracer
37:24 Leather Archer Armor
39:22 Light Cavalry
43:36 Chemistry
45:24 Ring Archer Armor
46:03 Hussar
50:34 Onager
53:03 Caravan
andrewisking
0:48 Loom
6:56 Feudal Age
6:45 Loom
10:26 Castle Age
9:50 Gold Mining
11:32 Double-Bit Axe
12:36 Horse Collar
18:02 Wheelbarrow
18:10 Bow Saw
22:39 Hand Cart
25:35 Imperial Age
23:44 Scale Mail Armor
23:48 Fletching
23:58 Padded Archer Armor
23:49 Pikeman
25:47 Forging
25:52 Chain Mail Armor
25:42 Scale Barding Armor
27:51 Scale Barding Armor
27:41 Bodkin Arrow
29:09 Chemistry
29:59 Iron Casting
29:44 Chain Barding Armor
30:02 Ballistics
30:44 Bodkin Arrow
30:49 Padded Archer Armor
32:09 Double Crossbow
33:20 Bracer
33:35 Leather Archer Armor
34:20 Blast Furnace
35:17 Plate Barding Armor
35:47 Ring Archer Armor
35:45 Elite Ballista Elephant
46:40 Bloodlines
46:31 Husbandry
57:32 Arson
58:47 Light Cavalry
60:28 Husbandry
60:58 Husbandry
61:45 Siege Engineers
sam4liverpool
7:11 Feudal Age
10:41 Castle Age
9:36 Double-Bit Axe
9:38 Horse Collar
12:08 Bow Saw
11:52 Loom
17:53 Town Watch
18:53 Wheelbarrow
20:40 Hand Cart
20:26 Town Patrol
21:33 Gold Mining
21:34 Stone Mining
22:30 Heavy Plow
26:09 Imperial Age
25:10 Fletching
25:21 Padded Archer Armor
26:28 Ballistics
27:30 Gold Shaft Mining
26:55 Bodkin Arrow
27:16 Leather Archer Armor
26:34 Elite Mangudai
27:40 Husbandry
27:51 Bloodlines
29:19 Bracer
33:14 Chemistry
33:11 Conscription
37:25 Stone Shaft Mining
37:43 Forging
37:38 Scale Barding Armor
37:34 Scale Mail Armor
37:48 Town Patrol
39:23 Siege Engineers
39:28 Elite Steppe Lancer
40:49 Iron Casting
40:34 Chain Barding Armor
42:33 Blast Furnace
42:57 Chain Mail Armor
44:15 Caravan
47:23 Fortified Wall
50:28 Drill
50:08 Nomads
49:39 Sappers
53:59 Light Cavalry
58:10 Hussar
Connection lost

Rejoining the realm…

Still unreachable

The connection could not be restored.

Session expired

The server has moved on; the page needs a fresh start.